 Dungeon Crawl Stone Soup version 0.25.0-9-g26727b657a (webtiles) character file.

Game seed: 4067522221947093688

269 lepoulpe303 the Sneak (level 6, -5/30 HPs)
             Began as a Spriggan Assassin on June 17, 2020.
             Slain by an ogre
             ... wielding a +0 giant club
              (19 damage)
             ... on level 4 of the Dungeon on June 18, 2020.
             The game lasted 00:19:06 (4741 turns).

lepoulpe303 the Sneak (Spriggan Assassin)           Turns: 4741, Time: 00:19:06

Health: -5/30      AC:  3    Str:  9    XL:     6   Next: 1%
Magic:  7/7        EV: 18    Int: 12    God:
Gold:   136        SH:  6    Dex: 18    Spells: 5/5 levels left

rFire    . . .     SeeInvis +   q - +3 dagger
rCold    . . .     Gourm    .   g - +0 buckler
rNeg     . . .     Faith    .   b - +0 robe
rPois    .         Spirit   .   (helmet restricted)
rElec    .         Reflect  .   c - +0 cloak
rCorr    +         Harm     .   (gloves unavailable)
MR       +....                  (boots unavailable)
Stlth    ++++......             (no amulet)
HPRegen  0.10/turn              C - ring of resist corrosion
MPRegen  0.10/turn              (no ring)

@: very quick
A: very small, unfitting armour, see invisible, herbivore, speed 3, slow
metabolism 2
a: no special abilities


You were on level 4 of the Dungeon.
You were not hungry.

You visited 1 branch of the dungeon, and saw 4 of its levels.

You collected 136 gold pieces.

Inventory:

Hand Weapons
 a - a +1 vampiric short sword
 q - a +3 dagger (weapon)
Missiles
 f - 2 curare-tipped darts
 k - 3 throwing nets {=f}
 o - 6 silver boomerangs
Armour
 b - a +0 robe (worn)
 c - a +0 cloak (worn)
 g - a +0 buckler (worn)
Jewellery
 C - a ring of resist corrosion (left hand)
Wands
 d - a wand of polymorph (10)
Scrolls
 h - a scroll of fear {unknown}
 i - 2 scrolls of identify
 j - a scroll of remove curse {unknown}
 m - a scroll of enchant weapon {unknown}
 r - a scroll of magic mapping {unknown}
 t - 2 scrolls of teleportation
Potions
 l - 2 potions of brilliance {unknown}
 p - a potion of magic {unknown}
 s - a potion of curing {unknown}
Comestibles
 e - 11 rations


   Skills:
 + Level 2.2 Fighting
 * Level 4.0 Short Blades
 + Level 2.8 Throwing
 + Level 3.7 Dodging
 * Level 7.3 Stealth
 + Level 1.1 Shields


You had 5 spell levels left.
You didn't know any spells.
Your spell library was empty.

Dungeon Overview and Level Annotations

Branches:
Dungeon (4/15)
 Temple: D:4-7

Altars:
Kikubaaqudgha


Innate Abilities, Weirdness & Mutations

You are very small and have problems with some larger weapons.
You are too small for most types of armour.
You have supernaturally acute eyesight. (SInv)
You are a herbivore.
You cover ground extremely quickly.
You need to consume almost no food.


Message History

An orc comes into view. It is wielding a +0 short sword.
The orc hits you with a +0 mace.
* * * LOW HITPOINT WARNING * * *
You take 1 damage, and have 12/30 hp.
The orc splashes around in the water.
The orc hits the plant but does no damage.
There is a stone staircase leading up here.
Throwing (i - inventory. (/) - cycle)
n - 2 poisoned darts (quivered)
Aim: an ogre, wielding a +0 giant club (severely wounded)
You throw a poisoned dart.
The poisoned dart barely misses the ogre.
Throwing (i - inventory. (/) - cycle)
n - a poisoned dart (quivered)
Aim: an ogre, wielding a +0 giant club (severely wounded)
You throw a poisoned dart. The poisoned dart hits the ogre!
The ogre is poisoned.
You hit the orc but do no damage. You block the orc's attack.
You closely miss the ogre.
The ogre hits you with a +0 giant club!!
Ouch! That really hurt!
You die... ...##[......#####..##.##<........ ..##..........# ##..######....... ## ##.o.......###..## #....... ≈≈P#..#........#....######....... ≈Po≈.###...............##........ ≈oPPo#

###......#....#...........
≈♣≈≈##
###.##.##...##....###...#
♣≈≈P ##..##..####.#...###
..#. ♣≈≈≈
#......go@.......# .###
P♣♣≈ ##..#...O........# .#
P P♣ ##.#............. P
#................
##.............#.
#[...##.##....#.
PP..(>..### ...##
≈PPP(....# ...#
P≈PP≈....## ###


You could see an ogre (very poisoned), a gnoll and an orc.

Levels and vault maps discovered:
D:1:      kilobyte_arrival_exit_the_forest, layout_rooms, minmay_pentomino_t4
D:2:      layout_basic, first_ration, roderic_serpentine_path,
          tgw_kikubaaqudgha, uniq_natasha
D:3:      layout_basic
D:4:      layout_cave_pools, nicolae_ru_awakened_eye, serial_bayou,
          serial_bayou_pond_d, serial_bayou_lagoon_a, serial_bayou_ford_a,
          serial_bayou_lake_a, hangedman_decor_growths

Notes
Turn   | Place    | Note
-------+----------+-------------------------------------------
     0 | D:1      | lepoulpe303 the Spriggan Assassin began the quest for the
                  | Orb.
     0 | D:1      | Reached XP level 1. HP: 10/10 MP: 2/2
   343 | D:1      | Reached XP level 2. HP: 15/15 MP: 3/3
   344 | D:1      | Reached skill level 2 in Dodging
   356 | D:1      | Identified a +0 dagger
   358 | D:1      | Reached skill level 6 in Stealth
   462 | D:1      | Identified a +0 club
   630 | D:1      | Identified a +3 dagger
   650 | D:1      | Reached XP level 3. HP: 18/18 MP: 4/4
   999 | D:1      | Reached skill level 3 in Short Blades
  1209 | D:1      | Identified a +0 club
  1523 | D:2      | Found an ancient bone altar of Kikubaaqudgha.
  1527 | D:2      | Noticed a human
  1531 | D:2      | Killed a human
  1559 | D:2      | lepoulpe303: !whichgod spas
  1689 | D:2      | Identified a +0 club
  1701 | D:2      | Identified a +0 buckler (You found it on level 1 of the
                  | Dungeon)
  1701 | D:2      | Identified 2 scrolls of teleportation
  1713 | D:2      | Noticed Natasha
  1713 | D:2      | Identified a +0 club
  1753 | D:2      | Killed Natasha
  1753 | D:2      | Reached XP level 4. HP: 23/23 MP: 5/5
  1768 | D:2      | Identified a +0 dagger
  1909 | D:2      | Noticed Natasha
  1921 | D:2      | Killed Natasha
  1921 | D:2      | Reached skill level 2 in Fighting
  1921 | D:2      | Reached skill level 3 in Dodging
  2133 | D:2      | Noticed Natasha
  2176 | D:2      | HP: 2/23 [Natasha (5)]
  2183 | D:2      | Killed Natasha
  2572 | D:2      | Reached XP level 5. HP: 23/26 MP: 6/6
  2639 | D:2      | Identified a +0 dagger
  2878 | D:2      | Identified a +0 club
  3177 | D:3      | Identified a +0 flail
  3177 | D:3      | Identified a +0 chain mail
  3179 | D:3      | Identified a +0 club
  3376 | D:3      | Identified a +0 club
  3485 | D:3      | Identified 3 scrolls of identify
  3485 | D:3      | Identified a +1 vampiric short sword (You found it on level
                  | 3 of the Dungeon)
  3486 | D:3      | Identified a ring of resist corrosion (You found it on
                  | level 1 of the Dungeon)
  3579 | D:3      | Reached skill level 7 in Stealth
  3579 | D:3      | Reached skill level 1 in Shields
  3591 | D:3      | Identified a +0 scale mail
  3796 | D:3      | Identified a cursed -1 club
  3928 | D:3      | Identified a +0 club
  4346 | D:4      | Identified a +0 halberd
  4346 | D:4      | Identified a +0 halberd
  4347 | D:4      | Identified a +0 flail
  4347 | D:4      | Identified a +0 whip
  4382 | D:4      | Identified a +0 giant club
  4382 | D:4      | Noticed an ogre
  4391 | D:3      | Reached skill level 4 in Short Blades
  4391 | D:3      | Reached XP level 6. HP: 9/30 MP: 7/7
  4693 | D:4      | Identified a +0 dagger
  4693 | D:4      | Identified a +0 ring mail
  4693 | D:4      | Identified a +0 ring mail
  4716 | D:4      | Identified a +0 mace
  4717 | D:4      | Identified a +0 morningstar
  4717 | D:4      | Identified a +0 leather armour
  4719 | D:4      | Identified a +0 short sword
  4741 | D:4      | Slain by an ogre

Table legend:
 A = Turns spent in this place as a percentage of turns spent in the entire game.
 B = Non-inter-level travel turns spent in this place as a percentage of non-inter-level travel turns spent in the entire game.
 C = Inter-level travel turns spent in this place as a percentage of turns spent in this place.
 D = Turns resting spent in this place as a percentage of non-inter-level travel turns spent in this place.
 E = Turns spent auto-exploring this place as a percentage of non-inter-level travel turns spent in this place.
 F = Non-inter-level travel turns spent in this place divided by the number of levels of this place that you've seen.
                   A       B       C       D       E      F
               +-------+-------+-------+-------+-------+----------------------
         Total | 100.0 | 100.0 |   3.5 |  39.9 |  39.5 | 1143.2
       Dungeon | 100.0 | 100.0 |   3.5 |  39.9 |  39.5 | 1143.2
               +-------+-------+-------+-------+-------+----------------------

Table legend:
 A = Kills in this place as a percentage of kills in entire the game.
 B = Kills by you in this place as a percentage of kills by you in the entire game.
 C = Kills by friends in this place as a percentage of kills by friends in the entire game.
 D = Other kills in this place as a percentage of other kills in the entire game.
 E = Experience gained in this place as a percentage of experience gained in the entire game.
 F = Experience gained in this place divided by the number of levels of this place that you have seen.
                   A       B       C       D       E      F
               +-------+-------+-------+-------+-------+----------------------
         Total | 100.0 | 100.0 |   N/A |   N/A | 100.0 |  96.2
       Dungeon | 100.0 | 100.0 |   N/A |   N/A | 100.0 |  96.2
               +-------+-------+-------+-------+-------+----------------------

Skill      XL: |  1  2  3  4  5 |
---------------+----------------+-----
Dodging        | 2 3 |  3.7
Stealth        | 6 7 |  7.3
Short Blades   | 3 4 |  4.0
Fighting       | 2 |  2.2
Shields        | 1 |  1.1
Throwing       | |  2.8

Action                   |  1- 3 |  4- 6 || total
-------------------------+-------+-------++-------
Melee: Dagger            |    95 |   168 ||   263
Throw: Dart              |    19 |    38 ||    57
  Use: Scroll            |     1 |     2 ||     3
 Stab: Sleeping          |     7 |     3 ||    10
       Distracted        |       |     1 ||     1
  Eat: Ration            |       |     1 ||     1
Armor: Robe              |    15 |    12 ||    27
Dodge: Dodged            |    59 |   100 ||   159
Block: Buckler           |       |    31 ||    31

Vanquished Creatures
  A hound (D:3)
  A centaur skeleton (D:4)
  Natasha (thrice) (D:2)
  A worker ant (D:3)
  3 adders
  2 oozes (D:1)
  2 dart slugs
  4 leopard geckos
  3 orcs
  6 giant cockroaches
  10 hobgoblins
  3 jackals (D:1)
  4 kobolds
  A quokka (D:3)
  A ball python (D:1)
  4 bats
  6 frilled lizards
  10 goblins
  4 rats
69 creatures vanquished.

Vanquished Creatures (others)
  A human (D:2)
1 creature vanquished.

Grand Total: 70 creatures vanquished
